[Event "Early-Titled-Tuesday-Blitz-July-09-2024"]
[Site "Chess.com"]
[Date "2024.07.09"]
[Round "6"]
[White "Zq1"]
[Black "Akewjon"]
[Result "1-0"]
[WhiteElo "2587"]
[BlackElo "2731"]
[TimeControl "180+1"]
[EndTime "9:06:36 PDT"]
[Termination "Zq1 won by resignation"]

1. d4 Nf6 2. c4 e6 3. Nc3 Bb4 4. a3 Bxc3+ 5. bxc3 O-O 6. e3 c5 7.
Bd3 Nc6 8. Ne2 d6 9. e4 e5 10. f3 b6 11. Bg5 h6 12. Bh4 Ba6 13. g4 g5 14. Bg3 Kg7 15. h4 Rh8 16. Qd2 Ng8 17.
Kf2 f6 18. Rh2 Nge7 19. Rah1 Ng6 20. hxg5 hxg5 21. Rxh8 Nxh8 22. Bh2 Ng6 23. Ng3 Nce7 24. Nf5+ Nxf5 25. gxf5 Ne7 26. dxe5 dxe5 27. Bxe5 Nc6 28.
Qxg5+ 1-0

[Event "Early-Titled-Tuesday-Blitz-July-09-2024"]
[Site "Chess.com"]
[Date "2024.07.09"]
[Round "6"]
[White "MVM2008"]
[Black "Arimin1329"]
[Result "0-1"]
[WhiteElo "2515"]
[BlackElo "2416"]
[TimeControl "180+1"]
[EndTime "9:06:36 PDT"]
[Termination "Arimin1329 won by resignation"]

1. e4 c6 2. d4 d5 3. Nc3 dxe4 4.
Nxe4 Bf5 5. Ng3 Bg6 6. f4 e6 7. Nf3 Nd7 8. Ne5 Nxe5 9. fxe5 Ne7 10. Be2 h6 11. O-O Nf5 12. Nxf5 Bxf5 13. c3 Be7 14.
Qe1 O-O 15. Bf4 c5 16. Rd1 cxd4 17. cxd4 Rc8 18. Rf3 Bh4 19. Qf1 Rc2 20. d5 Bg4 21. dxe6 Qb6+ 22. Be3 Qxe6 23. Bd3 Bxf3 24. Bxc2 Bxd1 0-1

[Event "Early-Titled-Tuesday-Blitz-July-09-2024"]
[Site "Chess.com"]
[Date "2024.07.09"]
[Round "6"]
[White "maciek_92"]
[Black "bazar-wokzal"]
[Result "1-0"]
[WhiteElo "2832"]
[BlackElo "2602"]
[TimeControl "180+1"]
[EndTime "9:06:38 PDT"]
[Termination "maciek_92 won by resignation"]

1. e4 c5 2. Nc3 g6 3. f4 Bg7 4. Nf3 d6 5. Bc4 Nc6 6. O-O a6 7. a4 Rb8 8. d3 Nd4 9. f5 b5 10. axb5 axb5 11. fxg6 hxg6 12. Bxf7+ Kxf7 13. Nxd4+ Nf6 14. Nc6 Qb6 15. Nxb8 c4+ 16. d4 Qxb8 17. Nd5 Bb7 18. Bg5 Bxd5 19. exd5 Qb7 20. Qf3 b4 21. Qe4 Qd7 22.
c3 bxc3 23. bxc3 Rb8 24. Rae1 Rb3 25. Re3 Qb7 26. Qe6+ Kf8 27. Bxf6 Bxf6 28. Rxf6+ exf6 29. Qxf6+ Qf7 30. Qh8+ 1-0

[Event "Early-Titled-Tuesday-Blitz-July-09-2024"]
[Site "Chess.com"]
[Date "2024.07.09"]
[Round "6"]
[White "RCone"]
[Black "GMAneta"]
[Result "0-1"]
[WhiteElo "2431"]
[BlackElo "2638"]
[TimeControl "180+1"]
[EndTime "9:06:42 PDT"]
[Termination "GMAneta won on time"]

1. e4 c5 2. Nc3 g6 3. f4 Bg7 4.
Nf3 e6 5. d4 cxd4 6. Nxd4 a5 7.
Ndb5 Ne7 8. Nd6+ Kf8 9. Bc4 Qc7 10. Ncb5 Qc5 11. Qe2 Nbc6 12. Be3 Nd4 13. Bxd4 Bxd4 14.
c3 Be3 15. Rf1 Kg7 16. Rf3 Bg1 17. O-O-O Bxh2 18. g4 Bg1 19. Rff1 Be3+ 20. Kb1 g5 21. f5 f6 22. Rf3 Bf4 23. Rxf4 gxf4 24. g5 fxg5 25. Qh5 Rf8 0-1

[Event "Early-Titled-Tuesday-Blitz-July-09-2024"]
[Site "Chess.com"]
[Date "2024.07.09"]
[Round "6"]
[White "Aggressus"]
[Black "Ratkovic_Miloje"]
[Result "0-1"]
[WhiteElo "2573"]
[BlackElo "2790"]
[TimeControl "180+1"]
[EndTime "9:06:44 PDT"]
[Termination "Ratkovic_Miloje won by resignation"]

1. e4 a6 2. d4 e6 3. a4 d5 4. e5 c5 5. c3 Nc6 6. g3 f6 7. exf6 Nxf6 8. Bg2 cxd4 9. cxd4 e5 10. Ne2 Bb4+ 11. Nbc3 O-O 12. O-O e4 13. f3 exf3 14.
Bxf3 Bh3 15. Bg2 Bxg2 16. Kxg2 Qd7 17. Nf4 Bxc3 18. bxc3 Rae8 19. Ba3 Ng4 20. Bc1 g5 21. Nd3 Rxf1 22. Qxf1 Rf8 23. Qe2 Qf5 24. Bd2 Qe4+ 25. Qxe4 dxe4 26. Nc5 Rf2+ 27. Kh3 h5 0-1

[Event "Early-Titled-Tuesday-Blitz-July-09-2024"]
[Site "Chess.com"]
[Date "2024.07.09"]
[Round "6"]
[White "Fractingale"]
[Black "Szachulec75"]
[Result "0-1"]
[WhiteElo "2059"]
[BlackElo "2237"]
[TimeControl "180+1"]
[EndTime "9:06:48 PDT"]
[Termination "Szachulec75 won by resignation"]

1. c4 Nf6 2. Nc3 g6 3. g3 Bg7 4.
Bg2 d6 5. e4 O-O 6. Nge2 c5 7.
O-O Nc6 8. d3 a6 9. h3 Rb8 10.
a4 Ne8 11. Be3 Nc7 12. d4 cxd4 13. Nxd4 Ne6 14. Nde2 Bd7 15. f4 Nb4 16. Nd5 Nxd5 17. exd5 Nc7 18. Bd4 a5 19. Bxg7 Kxg7 20. Qd4+ Kg8 21.
f5 Bxf5 22. Rxf5 gxf5 23. Rf1 e6 24. dxe6 fxe6 25. g4 e5 26. Qd2 f4 27. Nc3 Kh8 28. Ne4 d5 29. Nc5 Qd6 30. Nb3 Qb6+ 0-1

[Event "Early-Titled-Tuesday-Blitz-July-09-2024"]
[Site "Chess.com"]
[Date "2024.07.09"]
[Round "6"]
[White "Millerkallpa"]
[Black "Smiechu"]
[Result "0-1"]
[WhiteElo "2241"]
[BlackElo "2451"]
[TimeControl "180+1"]
[EndTime "9:06:52 PDT"]
[Termination "Smiechu won by resignation"]

1. e4 c5 2. Nf3 g6 3. c3 Bg7 4.
d4 cxd4 5. cxd4 d5 6. e5 Nh6 7.
Nc3 O-O 8. Bd3 Nc6 9. h3 Bf5 10. O-O e6 11. Nb5 Bxd3 12. Qxd3 Nf5 13. g4 Nfe7 14.
Nd6 Rb8 15. Bf4 Nc8 16. Nxc8 Rxc8 17. Rac1 f6 18. Bg3 fxe5 19. Nxe5 Nxe5 20. dxe5 Qb6 21. b3 Bh6 22. Rxc8 Rxc8 23. Kh1 Qc6 24. Rd1 Qc2 25.
f4 Qxd3 26. Rxd3 Rc1+ 27. Kg2 Rc2+ 28. Kf3 Rxa2 29. f5 gxf5 30. gxf5 Kf7 31. f6 Rb2 32. Rc3 Kg6 33. Bf4 Bxf4 34. Kxf4 Re2 35. Rg3+ Kf7 36.
Rg7+ Kf8 37. Rxb7 Re4+ 38. Kf3 Rxe5 39. Rxh7 Rf5+ 40. Ke3 Rxf6 41. Rxa7 Rh6 42. Kd4 Rxh3 43. Ke5 Re3+ 44. Kf6 Ke8 45. Re7+ Kd8 46. Rb7 Kc8 47. Rb6 Kc7 48. Ra6 d4 49. b4 d3 50. Ra1 Kc6 51. Kg5 e5 52. Kf5 Kb5 53. Ra5+ Kxb4 0-1

[Event "Early-Titled-Tuesday-Blitz-July-09-2024"]
[Site "Chess.com"]
[Date "2024.07.09"]
[Round "6"]
[White "MikeWizard"]
[Black "neistoviupryam"]
[Result "0-1"]
[WhiteElo "2079"]
[BlackElo "2329"]
[TimeControl "180+1"]
[EndTime "9:06:55 PDT"]
[Termination "neistoviupryam won by resignation"]

1. d4 d5 2. Nf3 e6 3. c4 f5 4. Nc3 c6 5. Ne5 Nf6 6. e3 Bd6 7. f4 O-O 8. Be2 Ne4 9. Nxe4 fxe4 10. O-O Nd7 11. Bd2 Nf6 12. Rb1 Qe7 13. c5 Bxe5 14.
fxe5 Nd7 15. Rxf8+ Nxf8 16. Qe1 Bd7 17. Qg3 Ng6 18. b4 Rf8 19. a4 Nh4 20. b5 Nf5 21. Qh3 Qg5 22. Rf1 Nxd4 23. Rxf8+ Kxf8 24. Bg4 cxb5 25. exd4 Qxd2 26. Qxh7 Qxd4+ 27. Kf1 Qxe5 28. Bh5 d4 29. Qh8+ Ke7 30. Qg8 Qxh5 0-1

[Event "Early-Titled-Tuesday-Blitz-July-09-2024"]
[Site "Chess.com"]
[Date "2024.07.09"]
[Round "6"]
[White "Evan_Attaker"]
[Black "FloMasterAAK"]
[Result "0-1"]
[WhiteElo "2730"]
[BlackElo "2589"]
[TimeControl "180+1"]
[EndTime "9:06:56 PDT"]
[Termination "FloMasterAAK won by resignation"]

1. a3 Nf6 2. c4 g6 3. b3 Bg7 4. Bb2 O-O 5. Nf3 b6 6. e3 Bb7 7. Be2 c5 8. d3 d5 9. cxd5 Qxd5 10. Qc2 Nc6 11. Nbd2 Rfd8 12. O-O Rac8 13. Rac1 Qd6 14.
Rfd1 Ng4 15. Bxg7 Kxg7 16. h3 Nge5 17. Ne4 Qb8 18. Qb2 f6 19. b4 Nxf3+ 20. Bxf3 Ne5 21. bxc5 Nxd3 22. Rxd3 Rxd3 23. Qb5 Bxe4 24. Bxe4 Rxc5 25. Qxc5 bxc5 26. Bxd3 Qb3 27. Bf1 Qxa3 28. Rd1 a5 29. Rd7 c4 30. Bxc4 a4 31. Ra7 f5 32. g3 Qb4 33. Bf1 Kf6 34. h4 a3 35. Ra6+ e6 36.
Kg2 Qb7+ 37. Kg1 Qxa6 38. Bxa6 a2 0-1

[Event "Early-Titled-Tuesday-Blitz-July-09-2024"]
[Site "Chess.com"]
[Date "2024.07.09"]
[Round "6"]
[White "Barmen_EV"]
[Black "PapaieDudu"]
[Result "1-0"]
[WhiteElo "2533"]
[BlackElo "2396"]
[TimeControl "180+1"]
[EndTime "9:06:58 PDT"]
[Termination "Barmen_EV won by resignation"]

1. e4 c5 2. c3 Nf6 3. e5 Nd5 4.
d4 cxd4 5. Nf3 e6 6. cxd4 Nc6 7. Bc4 Be7 8. O-O O-O 9. Re1 d6 10. Bd2 Bd7 11. Nc3 dxe5 12. dxe5 Nxc3 13. Bxc3 Nb4 14.
a3 b5 15. Bb3 Na6 16. Qe2 Nc5 17. Bc2 Bc6 18. Rad1 Qc7 19. Nd4 Qb7 20. Nxc6 Qxc6 21. Qh5 g6 22. Qh6 Rfd8 23. Rd6 Rxd6 24. exd6 Bf8 25.
Qf4 Nd7 26. Be4 Qc8 27. Bxa8 Qxa8 28. Qd4 f6 29. Rxe6 Kf7 30. Rxf6+ Nxf6 31. Qxf6+ Ke8 32. Qe6+ 1-0

[Event "Early-Titled-Tuesday-Blitz-July-09-2024"]
[Site "Chess.com"]
[Date "2024.07.09"]
[Round "6"]
[White "Mikhail_Golubev"]
[Black "isla88"]
[Result "1-0"]
[WhiteElo "2637"]
[BlackElo "2430"]
[TimeControl "180+1"]
[EndTime "9:07:01 PDT"]
[Termination "Mikhail_Golubev won by resignation"]

1. e4 d6 2. d4 Nf6 3. Nc3 Nbd7 4.
Nf3 e5 5. Bc4 Be7 6. a4 O-O 7.
O-O c6 8. Re1 h6 9. h3 a5 10.
Be3 exd4 11. Nxd4 Re8 12. Nf5 Ne5 13. Nxe7+ Qxe7 14. Bf1 Ng6 15. f4 Nxe4 16. Nxe4 Qxe4 17. Bf2 Qxe1 18. Bxe1 Nxf4 19. Qxd6 Ng6 20. Bc3 Bf5 21. Qd4 f6 22. Bc4+ Kh7 23. Bf7 Re4 24. Bxg6+ Bxg6 25. Qd7 Kh8 26. Rf1 Rf8 27. Qxb7 Re2 28. Rf2 Rfe8 29.
Rxf6 R2e7 30. Qxe7 Rxe7 31. Rxg6 Re2 32. Rxg7 Re3 33. Rg3+ 1-0

[Event "Early-Titled-Tuesday-Blitz-July-09-2024"]
[Site "Chess.com"]
[Date "2024.07.09"]
[Round "6"]
[White "Shankland"]
[Black "SpeedofLight0"]
[Result "1-0"]
[WhiteElo "2896"]
[BlackElo "3147"]
[TimeControl "180+1"]
[EndTime "9:07:02 PDT"]
[Termination "Shankland won by resignation"]

1. d4 Nf6 2. c4 g6 3. Nc3 Bg7 4. e4 d6 5. Nf3 O-O 6. Be2 e5 7.
Be3 Na6 8. O-O c6 9. d5 Ng4 10. Bg5 f6 11. Bd2 f5 12. Bg5 Nf6 13. exf5 gxf5 14. dxc6 bxc6 15. Qd2 Nc5 16. Rfd1 Nfe4 17.
Nxe4 Nxe4 18. Bxd8 Nxd2 19. Be7 Nxf3+ 20. Bxf3 e4 21. Bh5 Bxb2 22. Rab1 Be5 23. Bxd6 Bxd6 24. Rxd6 Ba6 25. Rxc6 Rab8 26. Rb3 Rxb3 27. axb3 Bb7 28. Rc7 Rb8 29. g3 a5 30. Bf7+ Kh8 31. Be6 e3 32. fxe3 Be4 33. c5 Rb5 34. Bc4 Rb4 35.
Ra7 Bc2 36. c6 Bxb3 37. Bxb3 Rxb3 38. c7 Rb1+ 39. Kf2 Rb7 40. c8=Q+ 1-0

[Event "Early-Titled-Tuesday-Blitz-July-09-2024"]
[Site "Chess.com"]
[Date "2024.07.09"]
[Round "6"]
[White "campochess"]
[Black "Senn71"]
[Result "1-0"]
[WhiteElo "2260"]
[BlackElo "2369"]
[TimeControl "180+1"]
[EndTime "9:07:05 PDT"]
[Termination "campochess won by resignation"]

1. d4 d5 2. Bg5 c5 3. dxc5 Qa5+ 4. Nc3 e6 5. e4 dxe4 6. b4 Qc7 7. Nb5 Qd7 8. Qxd7+ Kxd7 9. O-O-O+ Kc6 10. Rd8 Nd7 11. Nh3 f6 12. Be3 e5 13. Be2 a6 14. Nc3 Nh6 15. Rd1 Nf7 16. Re8 f5 17. Ng5 Nxg5 18.
Bxg5 Nf6 19. Bxf6 gxf6 20. Kb2 Bg7 21. Re7 1-0

[Event "Early-Titled-Tuesday-Blitz-July-09-2024"]
[Site "Chess.com"]
[Date "2024.07.09"]
[Round "6"]
[White "dapsay"]
[Black "Alex_Sahakyan2006"]
[Result "0-1"]
[WhiteElo "2569"]
[BlackElo "2752"]
[TimeControl "180+1"]
[EndTime "9:07:06 PDT"]
[Termination "Alex_Sahakyan2006 won by resignation"]

1. e4 d6 2. d4 Nf6 3. Nc3 e5 4. Nf3 Nbd7 5. Be2 Be7 6. O-O O-O 7. Re1 c6 8. a4 Re8 9. h3 exd4 10. Nxd4 Ne5 11.
Bf1 Ng6 12. f4 Bf8 13. Kh1 Bd7 14. Qf3 Qc7 15. Bd3 Rad8 16. Bd2 Bc8 17. Rf1 a6 18. a5 c5 19. Nf5 c4 20. Be2 d5 21.
e5 Bxf5 22. exf6 d4 23. fxg7 Bxg7 24. Nd5 Rxd5 25. Qxd5 Rxe2 26. Rae1 Be6 27. Qf3 Rxd2 28. f5 Nh4 29. fxe6 Nxf3 30. exf7+ Qxf7 31. Rxf3 Qg6 32. g4 Qc6 33. Rf1 Rd1 34. Kg2 Rxf1 0-1

[Event "Early-Titled-Tuesday-Blitz-July-09-2024"]
[Site "Chess.com"]
[Date "2024.07.09"]
[Round "6"]
[White "vikber19611"]
[Black "nitpicker"]
[Result "0-1"]
[WhiteElo "1659"]
[BlackElo "2299"]
[TimeControl "180+1"]
[EndTime "9:07:06 PDT"]
[Termination "nitpicker won on time"]

1. e4 c5 2. Nf3 Nc6 3. d4 cxd4 4. Nxd4 Nf6 5. Nc3 d6 6. Bg5 Qb6 7. Nb3 e6 8. Be3 Qc7 9. Be2 a6 10. Qd2 Be7 11. f4 b5 12. a3 Bb7 13. Bf3 O-O 14. O-O Rac8 15. Rad1 Rfe8 16. g4 Bf8 17. Qf2 Nd7 18. Nd4 Na5 19. g5 Nc4 20. Bc1 Nxa3 21. bxa3 Qxc3 22. Rd3 Qc5 23. Be3 Qc7 24. h4 g6 25. h5 Bg7 26. hxg6 fxg6 27. c3 e5 28. fxe5 Nxe5 29. Rd2 Qxc3 30. Rc2 Qxa3 0-1

[Event "Early-Titled-Tuesday-Blitz-July-09-2024"]
[Site "Chess.com"]
[Date "2024.07.09"]
[Round "6"]
[White "HypeMan111"]
[Black "sleeping_in_the_fire"]
[Result "0-1"]
[WhiteElo "2295"]
[BlackElo "2472"]
[TimeControl "180+1"]
[EndTime "9:07:09 PDT"]
[Termination "sleeping_in_the_fire won on time"]

1. e4 c5 2. Nf3 d6 3. d4 cxd4 4. Nxd4 Nf6 5. Nc3 Nc6 6. Bg5 e6 7. Qd2 a6 8. O-O-O Bd7 9. Kb1 b5 10. Nxc6 Bxc6 11. f3 Be7 12. Ne2 O-O 13. Nd4 Bd7 14. g4 Nxe4 15. fxe4 Bxg5 16. Qf2 Qf6 17. Nf3 Bf4 18. h4 Bc6 19. g5 Qe7 20. Bd3 e5 21.
Rdg1 a5 22. h5 a4 23. Nh4 g6 24. Qg2 a3 25. b3 Bd7 26. Nf3 Qd8 27. b4 Qc7 28. c4 bxc4 29. Qc2 Rab8 30. Bxc4 Rxb4+ 31. Bb3 Qxc2+ 32. Kxc2 Rc8+ 33. Kb1 Be6 34. hxg6 fxg6 0-1

[Event "Early-Titled-Tuesday-Blitz-July-09-2024"]
[Site "Chess.com"]
[Date "2024.07.09"]
[Round "6"]
[White "gmpeter008"]
[Black "albi1999"]
[Result "1-0"]
[WhiteElo "2465"]
[BlackElo "2633"]
[TimeControl "180+1"]
[EndTime "9:07:11 PDT"]
[Termination "gmpeter008 won by resignation"]

1. e4 c6 2. d3 d5 3. Nf3 dxe4 4. dxe4 Qxd1+ 5. Kxd1 Nf6 6. Bd3 Bg4 7. Ke2 Nbd7 8.
Nd2 Nc5 9. b4 Nxd3 10. cxd3 e6 11. Rb1 a6 12. Nc4 Nd7 13. h3 Bh5 14. g4 Bg6 15. Bf4 h5 16. Bd6 Be7 17. Bxe7 Kxe7 18.
Nfe5 Nxe5 19. Nxe5 hxg4 20. hxg4 Rxh1 21. Rxh1 a5 22.
a3 axb4 23. axb4 Ra2+ 24. Ke3 Rb2 25. f4 Kf6 26. Rh8 Rxb4 27. Re8 1-0

[Event "Early-Titled-Tuesday-Blitz-July-09-2024"]
[Site "Chess.com"]
[Date "2024.07.09"]
[Round "6"]
[White "GoltsevDmitry2000"]
[Black "paranoyak"]
[Result "1-0"]
[WhiteElo "2740"]
[BlackElo "2558"]
[TimeControl "180+1"]
[EndTime "9:07:12 PDT"]
[Termination "GoltsevDmitry2000 won by resignation"]

1. e4 c5 2. Nf3 Nc6 3. d4 cxd4 4. Nxd4 Nf6 5. Nc3 d6 6. Be2 e6 7.
O-O a6 8. Be3 Be7 9. Qd2 O-O 10.
f4 Nxd4 11. Qxd4 Qa5 12. Bf3 e5 13. Qd2 exf4 14. Bxf4 Be6 15. Kh1 Rad8 16. Nd5 Nxd5 17. Qxa5 Nxf4 18. Rad1 Ng6 19. e5 Nxe5 20. Bxb7 Rb8 21.
Bxa6 Rxb2 22. a4 Ra8 23. Rb1 Bc4 24. Rxb2 Bxf1 25. Qc7 Bd8 26. Rb8 Rxb8 27. Qxb8 Nc6 28.
Qxd6 Bxa6 29. Qxc6 1-0

[Event "Early-Titled-Tuesday-Blitz-July-09-2024"]
[Site "Chess.com"]
[Date "2024.07.09"]
[Round "6"]
[White "simonachess"]
[Black "JEHUBNER"]
[Result "1-0"]
[WhiteElo "2314"]
[BlackElo "2013"]
[TimeControl "180+1"]
[EndTime "9:07:12 PDT"]
[Termination "simonachess won by resignation"]

1. d4 Nf6 2. c4 g6 3. Nc3 Bg7 4. e4 d6 5. Be2 O-O 6. Bg5 c5 7. d5 e6 8. Nf3 Nbd7 9. O-O e5 10. h3 h6 11. Bh4 a6 12. Ne1 g5 13. Bg3 Ne8 14. a4 f5 15. exf5 Rxf5 16. Bd3 Rf8 17. Ne4 Ndf6 18. Nc2 Nxe4 19. Bxe4 Nf6 20. Bg6 Bd7 21.
a5 Be8 22. Bxe8 Qxe8 23. Ne3 Qg6 24. Qb1 Kh7 25. b4 cxb4 26. Qxb4 Rf7 27. Qxd6 Raf8 28.
Rab1 Qd3 29. Rbd1 Qb3 30. Qxe5 Nh5 31. Qe4+ Kh8 32. Be5 Nf6 33. Qd3 Qb4 34. Nf5 Qxa5 35. Nxg7 Kxg7 36. f4 Re8 37. Bd4 Kg8 38. Qg6+ 1-0

[Event "Early-Titled-Tuesday-Blitz-July-09-2024"]
[Site "Chess.com"]
[Date "2024.07.09"]
[Round "6"]
[White "ChessFighter_2011"]
[Black "Potosino1970"]
[Result "1-0"]
[WhiteElo "2950"]
[BlackElo "2714"]
[TimeControl "180+1"]
[EndTime "9:07:16 PDT"]
[Termination "ChessFighter_2011 won by resignation"]

1. e4 c5 2. Nf3 e6 3. d4 cxd4 4. Nxd4 a6 5. g3 Nf6 6. Bg2 Qc7 7. O-O d6 8. b3 Nc6 9. Bb2 Be7 10. c4 O-O 11.
Nc3 Bd7 12. Rc1 Rac8 13. Re1 Qb8 14. h3 Rfe8 15. Qd2 Nxd4 16. Qxd4 b5 17. cxb5 axb5 18.
Qd3 Bc6 19. e5 dxe5 20. Bxc6 Rxc6 21. Qxb5 Rc5 22. Qxb8 Rxb8 23. Na4 Rxc1 24. Rxc1 e4 25. Be5 Rd8 26. Nc3 Rd2 27. Bf4 Rb2 28. Na4 Rxa2 29. Rc8+ Bf8 30. Bd6 Nd7 31. Nb6 e3 32. Nxd7 1-0

[Event "Early-Titled-Tuesday-Blitz-July-09-2024"]
[Site "Chess.com"]
[Date "2024.07.09"]
[Round "6"]
[White "jasrom"]
[Black "KevinGeorgeMicheal"]
[Result "1-0"]
[WhiteElo "2357"]
[BlackElo "2519"]
[TimeControl "180+1"]
[EndTime "9:07:16 PDT"]
[Termination "jasrom won on time"]

1. e4 c5 2. Nc3 Nc6 3. f4 e6 4.
Nf3 d5 5. Bb5 dxe4 6. Bxc6+ bxc6 7. Nxe4 Nf6 8. Qe2 Nxe4 9. Qxe4 Qd5 10. d3 Bd6 11. c4 Qxe4+ 12. dxe4 f6 13. Be3 e5 14. fxe5 fxe5 15. O-O-O Ke7 16. Bg5+ Ke6 17. Rd3 h6 18. Be3 a5 19. Rhd1 Be7 20. Bf2 Ba6 21. b3 1-0

[Event "Early-Titled-Tuesday-Blitz-July-09-2024"]
[Site "Chess.com"]
[Date "2024.07.09"]
[Round "6"]
[White "mishanick"]
[Black "tusplingher"]
[Result "1-0"]
[WhiteElo "3087"]
[BlackElo "2692"]
[TimeControl "180+1"]
[EndTime "9:07:19 PDT"]
[Termination "mishanick won by resignation"]

1. c4 e6 2. d4 d5 3. Nc3 Nf6 4. cxd5 exd5 5. Bf4 Bd6 6. Bxd6 Qxd6 7. e3 c6 8. Bd3 O-O 9. Nge2 Be6 10. f3 Nbd7 11. Qd2 Rfe8 12. e4 dxe4 13. fxe4 Qc7 14. O-O Rad8 15. Rad1 Qb6 16. Kh1 a6 17. h3 Qc7 18. Bb1 Bc4 19. Rf3 c5 20. d5 Ne5 21.
Rg3 Nh5 22. Rg5 g6 23. Rf1 Qe7 24. Rxh5 gxh5 25. Rf5 Ng6 26. Rxh5 Bxe2 27. Nxe2 Qf6 28. Rf5 Qh4 29. Qc3 Rxe4 30. Bxe4 Qxe4 31. Ng3 Qd4 32. Qf3 Nh4 33. Qh5 Nxf5 34. Qg5+ 1-0

[Event "Early-Titled-Tuesday-Blitz-July-09-2024"]
[Site "Chess.com"]
[Date "2024.07.09"]
[Round "6"]
[White "Vision_64"]
[Black "dey2580"]
[Result "1-0"]
[WhiteElo "2335"]
[BlackElo "2457"]
[TimeControl "180+1"]
[EndTime "9:07:19 PDT"]
[Termination "Vision_64 won on time"]

1. e4 g6 2. d4 Bg7 3. Be3 a6 4. f3 h5 5. Qd2 c6 6. Nc3 d5 7. O-O-O b5 8. e5 Nh6 9. Bd3 Bf5 10. Nge2 Nd7 11. Rdg1 Nb6 12. Kb1 Nc4 13. Bxc4 bxc4 14. Ng3 Be6 15. h4 Rb8 16. Ka1 Qa5 17. Nce4 Qb6 18.
Qc3 dxe4 19. d5 1-0

[Event "Early-Titled-Tuesday-Blitz-July-09-2024"]
[Site "Chess.com"]
[Date "2024.07.09"]
[Round "6"]
[White "ccccvhhhj"]
[Black "KorolDimitriy75"]
[Result "0-1"]
[WhiteElo "2508"]
[BlackElo "2406"]
[TimeControl "180+1"]
[EndTime "9:07:21 PDT"]
[Termination "KorolDimitriy75 won by checkmate"]

1. e4 c5 2. Nf3 d6 3. d4 cxd4 4.
Nxd4 Nf6 5. Nc3 g6 6. Be3 Bg7 7. f3 O-O 8. Qd2 Nc6 9. g4 Be6 10. Nxe6 fxe6 11. O-O-O Ne5 12. Be2 Qc8 13. h4 Nc4 14. Bxc4 Qxc4 15. h5 Nd7 16. hxg6 hxg6 17. Bh6 Bxc3 18. bxc3 Rxf3 19. Qg5 Kf7 20. Bg7 Rg8 21.
Bd4 e5 22. Rh7+ Rg7 23. Rxg7+ Kxg7 24. Be3 Nf6 25. Rd3 Qxa2 26. Qh6+ Kf7 27. Kd2 Qa1 28. g5 Nxe4+ 29. Ke2 Qf1# 0-1

[Event "Early-Titled-Tuesday-Blitz-July-09-2024"]
[Site "Chess.com"]
[Date "2024.07.09"]
[Round "6"]
[White "GHANDEEVAM2003"]
[Black "rasmussvane"]
[Result "1-0"]
[WhiteElo "3176"]
[BlackElo "2905"]
[TimeControl "180+1"]
[EndTime "9:07:24 PDT"]
[Termination "GHANDEEVAM2003 won by checkmate"]

1. e4 c6 2. d4 d5 3. Nc3 dxe4 4. Nxe4 Nf6 5. Nxf6+ exf6 6. c3 Bd6 7. Bd3 O-O 8. Ne2 Re8 9. O-O Nd7 10. Ng3 Nf8 11. f4 c5 12. d5 Ng6 13. c4 a6 14. a4 b6 15. b3 Qc7 16. Nh5 Ra7 17. Qf3 Qd7 18. h3 Qe7 19. Bd2 Qd8 20. Bc3 Rae7 21. Qg3 Qc7 22. Rf3 Bd7 23. Raf1 b5 24. axb5 axb5 25.
Nxf6+ gxf6 26. Bxf6 bxc4 27. bxc4 Qa5 28. h4 Re1 29. h5 Rxf1+ 30. Rxf1 Bxf4 31. hxg6 Bxg3 32. gxh7+ Kf8 33. h8=Q# 1-0

[Event "Early-Titled-Tuesday-Blitz-July-09-2024"]
[Site "Chess.com"]
[Date "2024.07.09"]
[Round "6"]
[White "nj123456"]
[Black "Vaathi_Coming"]
[Result "0-1"]
[WhiteElo "2532"]
[BlackElo "2916"]
[TimeControl "180+1"]
[EndTime "9:07:25 PDT"]
[Termination "Vaathi_Coming won by resignation"]

1. e4 g6 2. d4 Bg7 3. Nc3 d6 4. h3 Nf6 5. Nf3 O-O 6. Be2 Nc6 7. O-O e5 8. Re1 exd4 9. Nxd4 Nxe4 10. Nxe4 Nxd4 11.
Bg5 Nxe2+ 12. Qxe2 f6 13. Bd2 Kh8 14. Bc3 Bf5 15.
Qf3 Qd7 16. g4 Bxe4 17. Rxe4 f5 18. Bxg7+ Qxg7 19. Rb4 c6 20. g5 d5 21. Re1 Rae8 22. Qd1 Re4 23. Rbxe4 fxe4 24. c3 Qe5 25. Qg4 Rf5 26. h4 Kg7 27. Re2 Qf4 28. Qh3 h6 29.
gxh6+ Kxh6 30. Qg3 Kh5 31. Kg2 Qf3+ 32. Kf1 Qxg3 0-1

[Event "Early-Titled-Tuesday-Blitz-July-09-2024"]
[Site "Chess.com"]
[Date "2024.07.09"]
[Round "6"]
[White "Gryffindorac8"]
[Black "waltereador"]
[Result "1-0"]
[WhiteElo "2495"]
[BlackElo "2326"]
[TimeControl "180+1"]
[EndTime "9:07:27 PDT"]
[Termination "Gryffindorac8 won by resignation"]

1. d4 e5 2. dxe5 Nc6 3. Nf3 Qe7 4. Bf4 d6 5. exd6 Qf6 6. Bg3 Qxb2 7. Nbd2 Bxd6 8. Bxd6 cxd6 9. Rb1 Qc3 10. Rb3 Qa5 11.
e3 d5 12. Bb5 Nf6 13. O-O O-O 14. c4 Be6 15. Bxc6 bxc6 16. Nd4 Rfc8 17. Nxe6 fxe6 18. cxd5 cxd5 19. Nf3 Qxa2 20. Rb7 Qa6 21. Qb3 h6 22. Nd4 Ne4 23. Qb4 Nd6 24. Rd7 Rd8 25. Rxd8+ Rxd8 26. Nxe6 Rc8 27. Nf4 Qc6 28. h3 Ne4 29. Qa5 Nf6 30.
Qxa7 Qd6 31. Qd4 Rc4 32. Qd3 Rc7 33. Rd1 Rd7 34. Qf5 Qc6 35. Ng6 Rd8 36. Ne7+ Kf7 37. Nxc6 1-0

[Event "Early-Titled-Tuesday-Blitz-July-09-2024"]
[Site "Chess.com"]
[Date "2024.07.09"]
[Round "6"]
[White "RTchess367"]
[Black "betta2004"]
[Result "0-1"]
[WhiteElo "2294"]
[BlackElo "2519"]
[TimeControl "180+1"]
[EndTime "9:07:28 PDT"]
[Termination "betta2004 won by resignation"]

1. e4 e6 2. d4 d5 3. e5 c5 4.
c3 Nc6 5. Nf3 Qb6 6. Bd3 Bd7 7.
O-O h5 8. dxc5 Bxc5 9. b4 Be7 10. a4 Nh6 11. Be3 Qc7 12. Bf4 Ng4 13. Re1 g5 14. Nxg5 Ncxe5 15. Nf3 Bd6 16. Nxe5 Bxe5 17. Bxe5 Nxe5 18.
Bf1 Ng4 19. g3 O-O-O 20. Nd2 Kb8 21. Qf3 f5 22. h4 Rhg8 23. c4 d4 24. b5 e5 25. Qd5 e4 26. c5 Bc8 27. c6 Rxd5 0-1

[Event "Early-Titled-Tuesday-Blitz-July-09-2024"]
[Site "Chess.com"]
[Date "2024.07.09"]
[Round "6"]
[White "IlanSchnaider"]
[Black "Prizant_academy"]
[Result "0-1"]
[WhiteElo "2839"]
[BlackElo "3024"]
[TimeControl "180+1"]
[EndTime "9:07:29 PDT"]
[Termination "Prizant_academy won by resignation"]

1. e4 c5 2. Nf3 d6 3. Bb5+ Nd7 4. a4 Nf6 5. Nc3 a6 6. Bc4 b6 7. O-O e6 8. d4 cxd4 9. Nxd4 Nc5 10. Re1 Qc7 11. Bg5 Be7 12. b4 Ncd7 13. Bxf6 Bxf6 14. Ndb5 axb5 15. Nxb5 Qb8 16. Nxd6+ Ke7 17. Nb5 Bxa1 18. Qxa1 Qe5 19. Qa3 Rd8 20. Qh3 Nf6 21. Bb3 Bd7 22. f4 Qxf4 23. e5 Ng4 24. Rf1 Qe3+ 25. Kh1 Nf2+ 26.
Kg1 Nxh3+ 0-1

[Event "Early-Titled-Tuesday-Blitz-July-09-2024"]
[Site "Chess.com"]
[Date "2024.07.09"]
[Round "6"]
[White "vladjianu"]
[Black "Yan_Dyomin2010"]
[Result "1-0"]
[WhiteElo "2600"]
[BlackElo "2741"]
[TimeControl "180+1"]
[EndTime "9:07:30 PDT"]
[Termination "vladjianu won by resignation"]

1. d4 Nf6 2. c4 g6 3. Nc3 d5 4. cxd5 Nxd5 5. e4 Nxc3 6. bxc3 Bg7 7. Nf3 c5 8. Be3 Qa5 9. Qd2 Bg4 10. Rc1 O-O 11. d5 Bxf3 12. gxf3 Nd7 13. c4 Qxd2+ 14. Kxd2 f5 15. Bh3 Ne5 16. Ke2 b6 17. exf5 gxf5 18. Rhg1 Ng6 19. Rg5 f4 20. Bd2 Bf6 21. Be6+ Kh8 22.
Rh5 Bd4 23. Bf5 Rf6 24. Rg1 Rg8 25. Bxg6 Rgxg6 26. Rxg6 Rxg6 27. Bxf4 Kg8 28. Be3 Bg7 29. Rh3 Kf7 30. Rg3 Rh6 31. Bxh6 1-0